AoeStats
← dollabillzz_billyGOAT

Nomad

508993127Analyzed
3v3 RM · 9d ago on Sep 25, 2026· 76m 14s· 6 players
Game mode
Random Map
Map size
210×210
Population
200
Speed
Normal
Resources
Standard
Victory
Conquest
Starting age
Dark Age
Ending age
Imperial Age
RankedLock teamsTeams togetherTeam positionsShared explorationLock speedFull tech treeHidden civsTurbo modeCheats
Victory
Defeat
🇺🇸 Bohemians · United States
835
+16
🇺🇸 Britons · United States
820
+17
🇺🇸 Magyars · United States
739
+20
🇻🇪 Varangians · Venezuela
891
-20
🇻🇪 Burgundians · Venezuela
851
-25
🇻🇪 Danes · Venezuela
775
-15
dollabillzz_billyGOAT
3:43 Loom
15:08 Feudal Age
16:22 Double-Bit Axe
17:59 Fishing Lines
18:56 Horse Collar
21:24 Wheelbarrow
23:29 Fletching
27:55 Castle Age
26:33 Gold Mining
29:50 Hand Cart
30:17 Heavy Plow
32:26 Heavy Plow
32:41 Bow Saw
37:58 Stone Mining
40:16 Corvinian Army
44:12 Bloodlines
45:56 Gillnets
46:22 Medium Warships
46:03 Town Watch
49:32 Imperial Age
52:54 Hoardings
52:40 Conscription
52:27 Husbandry
52:26 Elite Magyar Huszar
53:16 Murder Holes
53:27 Siege Engineers
54:30 Conscription
56:04 Pikeman
57:43 Shipwright
62:39 Two-Man Saw
62:11 Crop Rotation
62:23 Scale Barding Armor
62:13 Bodkin Arrow
62:19 Scale Mail Armor
61:43 Halberdier
63:46 Heavy Warships
63:38 Clinker Construction
64:13 Town Patrol
70:38 Capped Ram
76:04 Chain Mail Armor
76:10 Chain Barding Armor
75:51 Bracer
76:17 Ballistics
76:07 Masonry
jebatey94
13:47 Loom
15:49 Feudal Age
16:43 Fishing Lines
18:08 Double-Bit Axe
18:19 Gold Mining
19:59 Wheelbarrow
24:41 Castle Age
24:40 Fletching
25:22 Bodkin Arrow
26:32 Bow Saw
26:56 Crossbowman
28:27 Padded Archer Armor
29:54 Leather Archer Armor
34:48 Imperial Age
32:25 Stone Mining
33:14 Gold Shaft Mining
32:24 Horse Collar
33:38 Ballistics
34:10 Hand Cart
39:23 Bracer
39:53 Ring Archer Armor
41:31 Yeomen
40:53 Arbalester
48:28 Chemistry
47:25 Murder Holes
48:31 Warwolf
57:33 Elite Skirmisher
60:47 Heavy Plow
67:01 Two-Man Saw
Thejrb4
14:40 Feudal Age
19:26 Castle Age
21:39 Fletching
24:26 Loom
24:32 Loom
28:21 Medium Warships
30:11 Light Cavalry
30:49 Bodkin Arrow
31:05 Fishing Lines
35:10 Wagenburg Tactics
36:16 Squires
37:59 Horse Collar
38:08 Double-Bit Axe
39:16 Pikeman
40:50 Forging
45:58 Gillnets
46:28 Heavy Plow
46:40 Bow Saw
50:04 Imperial Age
48:22 Ballistics
47:58 Murder Holes
48:06 Caravan
51:05 Iron Casting
50:34 Halberdier
50:55 Capped Ram
55:14 Conscription
57:13 Blast Furnace
58:08 Chemistry
57:14 Siege Engineers
57:20 Masonry
57:44 Bracer
60:37 Elite Hussite Wagon
63:55 Blast Furnace
62:44 Arson
65:13 Houfnice
76:13 Scale Barding Armor
76:08 Scale Mail Armor
Reeses
12:45 Wheelbarrow
15:18 Feudal Age
14:13 Double-Bit Axe
16:17 Bow Saw
16:39 Gold Mining
16:45 Stone Mining
18:29 Gold Shaft Mining
18:33 Stone Shaft Mining
19:10 Hand Cart
20:58 Loom
23:48 Castle Age
24:07 Horse Collar
25:43 Medium Warships
27:31 Two-Man Saw
28:01 Town Watch
29:39 Heavy Plow
34:58 Imperial Age
34:01 Scale Barding Armor
33:58 Scale Mail Armor
33:58 Padded Archer Armor
33:49 Fletching
34:09 Forging
36:09 Heavy Warships
36:10 Town Patrol
37:29 Chemistry
36:35 Siphons
36:16 Arrowslits
36:42 Fortified Wall
36:52 Ballistics
37:32 Burgundian Vineyards
37:51 Conscription
37:02 Sappers
37:48 Guard Tower
38:09 Elite Cannon Galleon
43:12 Elite Coustillier
60:49 Cavalier
61:33 Husbandry
60:54 Light Cavalry
61:11 Light Cavalry
61:54 Paladin
61:57 Hussar
62:10 Hussar
brayanpsalas
12:09 Loom
16:01 Feudal Age
16:36 Town Watch
16:18 Man-at-Arms
18:14 Fishing Lines
19:08 Arson
19:14 Double-Bit Axe
25:03 Castle Age
24:30 Forging
25:34 Long Swordsman
26:18 Squires
28:51 Wheelbarrow
29:36 Gillnets
30:19 Gambesons
31:14 Iron Casting
31:32 Medium Warships
32:22 Horse Collar
34:44 Hand Cart
41:42 Imperial Age
38:56 Elite Skirmisher
39:43 Thumb Ring
41:32 Bow Saw
43:11 Heavy Plow
43:31 Scale Barding Armor
43:02 Light Cavalry
44:56 Gold Mining
46:17 Bloodlines
48:27 Conscription
50:56 Elite Varangian Guard
54:03 Onager
56:22 Chemistry
55:42 Ballistics
56:04 Fletching
56:14 Padded Archer Armor
57:17 Pikeman
58:17 Husbandry
58:38 Northmen's Fury
60:59 Scale Mail Armor
62:58 Bodkin Arrow
63:19 Leather Archer Armor
68:33 Halberdier
71:35 Siege Engineers
72:32 Murder Holes
Osuna30
4:45 Loom
13:12 Feudal Age
16:57 Town Watch
19:46 Castle Age
17:59 Fishing Lines
19:59 Forging
19:53 Double-Bit Axe
21:17 Scale Mail Armor
22:07 Horse Collar
23:25 Squires
27:07 Iron Casting
26:41 Arson
27:50 Stone Mining
30:27 Wheelbarrow
31:16 Gambesons
31:38 Murder Holes
31:15 Elite Skirmisher
32:00 Fletching
35:21 Imperial Age
34:02 Padded Archer Armor
34:49 Treadmill Crane
36:26 Conscription
36:21 Scale Barding Armor
39:23 Chemistry
38:01 Light Cavalry
38:42 Bodkin Arrow
44:06 Bloodlines
47:26 Hand Cart
47:04 Gold Mining
50:41 Bracer
50:47 Husbandry
51:40 Ballistics
59:18 Masonry
74:39 Stone Shaft Mining
Connection lost

Rejoining the realm…

Still unreachable

The connection could not be restored.

Session expired

The server has moved on; the page needs a fresh start.